 Dungeon Crawl Stone Soup version 0.22-a0-422-g9628fc87f1 (webtiles) character file.

3682 JackS81 the Cleaver (level 9, -6/72 HPs)
             Began as a Demonspawn Gladiator on May 20, 2018.
             Was a Priest of Wu Jian.
             Killed by divine providence
             ... invoked by an orc priest
              (9 damage)
             ... on level 8 of the Dungeon on May 21, 2018.
             The game lasted 00:35:01 (9352 turns).

JackS81 the Cleaver (Demonspawn Gladiator)          Turns: 9352, Time: 00:35:01

Health: -6/72      AC:  5    Str: 14    XL:     9   Next: 90%
Magic:  0/9        EV: 15    Int: 10    God:    Wu Jian [***...]
Gold:   422        SH:  0    Dex: 18    Spells: 8/8 levels left

rFire    . . .     SeeInvis .   Q - +0 battleaxe
rCold    . . .     Gourm    .   (shield currently unavailable)
rNeg     . . .     Faith    .   b - +0 leather armour
rPois    .         Spirit   +   (helmet restricted)
rElec    .         Reflect  .   (no cloak)
rCorr    .         Harm     .   (no gloves)
MR       .....                  (no boots)
Stlth    +.........             (no amulet)
HPRegen  0.22/turn              (no ring)
MPRegen  0.11/turn              (no ring)

@: no status effects
A: horns 1, rugged brown scales 2, demonic guardian 1, magic shield
a: Wall Jump, Serpent's Lash, Renounce Religion


You were on level 8 of the Dungeon.
You worshipped Wu Jian.
Wu Jian was most pleased with you.
You were not hungry.

You visited 1 branch of the dungeon, and saw 8 of its levels.
You also visited: Ossuary.

You collected 422 gold pieces.

Inventory:

Hand Weapons
 a - a +0 war axe
 e - a +0 hunting sling
 Q - a +0 battleaxe (weapon)
Missiles
 d - 5 throwing nets (quivered)
 h - 120 stones
 w - 62 bolts
 y - 27 sling bullets
Armour
 b - a +0 leather armour (worn)
 c - a +0 helmet
 v - the cursed +0 scale mail "Xuzxo" {Str+7 Stlth+}
   (You found it on level 7 of the Dungeon)

   It affects your strength (+7).
   It makes you more stealthy.
   It has a curse placed upon it.
Magical Staves
 B - an uncursed staff of conjuration
Jewellery
 o - an uncursed ring of ice
 s - a +3 ring of intelligence
Wands
 F - a wand of paralysis (32)
 G - a wand of polymorph (23)
 I - a wand of digging (13)
Scrolls
 i - 9 scrolls of teleportation
 j - 2 scrolls of random uselessness {unknown}
 k - 2 scrolls of blinking {unknown}
 q - 2 scrolls of amnesia {unknown}
 u - a scroll of magic mapping {unknown}
 z - 3 scrolls of fog {unknown}
 A - a scroll of immolation {unknown}
 C - a scroll of fear {unknown}
 D - 2 scrolls of remove curse {unknown}
 E - 3 scrolls of enchant armour {unknown}
 L - 2 scrolls of enchant weapon {unknown}
 N - 2 scrolls of identify
Potions
 g - 2 potions of agility
 l - 3 potions of brilliance
 n - 2 potions of flight {unknown}
 p - 2 potions of berserk rage
 r - a potion of curing
 t - a potion of cancellation {unknown}
 x - a potion of mutation {unknown}
 H - 3 potions of invisibility {unknown}
 J - a potion of magic {unknown}
 M - 2 potions of haste {unknown}
 O - a potion of might {unknown}
 P - a potion of degeneration {unknown}
Comestibles
 f - 11 rations


   Skills:
 * Level 5.7 Fighting
 * Level 10.6 Axes
 - Level 0.8(1.4) Slings
 - Level 1.7(1.9) Throwing
 + Level 2.9 Armour
 * Level 5.6 Dodging
 * Level 1.1 Evocations


You had 8 spell levels left.
You didn't know any spells.
Your spell library contained the following spells:

 Spells                   Type           Power        Failure   Level  Hunger
 Confuse                  Hex            #.......     80%         3    ####...
 Spider Form              Tmut/Pois      #.........   80%         3    ####...
 Blade Hands              Tmut           #.........   100%        5    ######.
 Ice Form                 Ice/Tmut       #.......     99%         4    #####..
 Confusing Touch          Hex            #.....       43%         1    ##.....
 Sticks to Snakes         Tmut           #.......     56%         2    ###....
 Metabolic Englaciation   Hex/Ice        #.........   100%        5    ######.
 Petrify                  Tmut/Erth      #.......     99%         4    #####..
 Beastly Appendage        Tmut           #.....       43%         1    ##.....
 Gell's Gravitas          Tloc           #.........   80%         3    ####...
 Yara's Violent Unravell  Hex/Tmut       #.........   100%        5    ######.


Dungeon Overview and Level Annotations

Branches:
Dungeon (8/15)             Temple (0/1) D:6
   Lair: D:8-11

Altars:
Ashenzari
Elyvilon
Kikubaaqudgha
Makhleb
Nemelex Xobeh
Trog
Wu Jian
Yredelemnul
The Shining One

Shops:
D:8 *

Annotations:
D:8 1 transporter, Joseph


Innate Abilities, Weirdness & Mutations

You have a pair of small horns on your head.
You are mostly covered in rugged brown scales. (AC +2, +5% HP)
A weak demonic guardian rushes to your aid.
When hurt, damage is shared between your health and your magic reserves.


Message History

You hit the orc priest.
The orc priest is almost dead.
The orc priest misses you. The orc warrior closely misses you.
You spin and attack the orc priest.
You barely miss the orc priest.
The orc priest is almost dead.
The orc priest mumbles some strange prayers to Beogh against you.
Beogh smites you!
* * * LOW HITPOINT WARNING * * *
The orc priest calls upon Beogh to heal something.
The orc priest closely misses you.
The orc priest invokes the aid of Beogh against you.
Beogh smites you!
* * * LOW HITPOINT WARNING * * *
You hear a distant slurping noise.
The orc priest hits your white imp.
Your white imp closely misses the orc warrior.
Your white imp hits the orc warrior but does no damage.
The orc priest invokes the aid of Beogh against you.
Beogh smites you!
You die...

... #.# #.# #.# #.#
#.# #######.#
#.oo5..@#
#.##########
#o.....[...#
########.#.#.#o##.###
...........#.#.##o###
......##.#.#.#o..o..#
#####.##.#.#.#..#.###
.......#.#.#.#..####
.####..#...........#


You could see an orc warrior, an orc priest and a friendly white imp.

Vanquished Creatures
  Pikel (D:5)
  Grinder (D:5)
  Sigmund (D:4)
  A wyvern (D:8)
  2 sky beasts (D:8)
  An orc warrior (D:8)
  An ice beast (D:7)
  4 ogres
  5 centaurs
  A big kobold (D:8)
  2 bullfrogs
  2 wyvern zombies
  A water moccasin zombie (D:6)
  2 scorpions
  3 killer bees (D:8)
  A howler monkey (D:5)
  A bullfrog zombie (D:6)
  2 crimson imps
  An orc priest (D:4)
  2 centaur skeletons
  A jelly (D:6)
  3 orc wizards
  3 iguanas
  5 worker ants
  A killer bee zombie (D:6)
  A hound skeleton (D:4)
  8 gnolls
  A howler monkey skeleton (D:5)
  11 river rats (D:5)
  14 adders
  An adder zombie (Ossuary)
  An adder skeleton (D:5)
  2 worms
  3 dart slugs
  4 leopard geckos
  23 orcs
  6 bats
  A giant cockroach (D:4)
  9 goblins
  5 hobgoblins
  13 jackals
  8 kobolds
  15 quokkas
  2 ball pythons (D:1)
  3 frilled lizards
  2 gnoll zombies (D:6)
  4 hobgoblin skeletons (Ossuary)
  2 orc skeletons (Ossuary)
  2 orc zombies (Ossuary)
  18 rats
207 creatures vanquished.

Vanquished Creatures (collateral kills)
  An ogre (D:4)
  A centaur (D:5)
  A howler monkey (D:4)
  A bullfrog skeleton (D:5)
  An orc priest (D:4)
  2 orc wizards (D:4)
  An adder (D:5)
  An orc (D:4)
  A kobold (D:8)
10 creatures vanquished.

Vanquished Creatures (others)
  A centaur (D:5)
  A worker ant (D:5)
2 creatures vanquished.

Grand Total: 219 creatures vanquished

Notes
Turn   | Place    | Note
-------+----------+-------------------------------------------
     0 | D:1      | JackS81 the Demonspawn Gladiator began the quest for the Orb.
     0 | D:1      | Reached XP level 1. HP: 16/16 MP: 1/1
    47 | D:1      | Reached skill level 3 in Axes
    50 | D:1      | Gained mutation: When hurt, damage is shared between your health and your magic reserves. [demonic ancestry]
    50 | D:1      | Reached XP level 2. HP: 14/22 MP: 2/2
   643 | D:1      | Gained mutation: You are partially covered in rugged brown scales. (AC +1, +3% HP) [demonic ancestry]
   643 | D:1      | Reached XP level 3. HP: 22/27 MP: 3/3
   748 | D:1      | You fall through a shaft!
  1140 | D:2      | Found an ornate altar of the Wu Jian Council.
  1143 | D:2      | Became a worshipper of the Wu Jian Council
  1397 | D:2      | Reached XP level 4. HP: 27/33 MP: 4/4
  1410 | D:2      | Reached skill level 4 in Axes
  1574 | D:2      | Found a bloodstained altar of Trog.
  1751 | D:2      | Found a burning altar of Makhleb.
  1831 | D:3      | Gained mutation: A weak demonic guardian rushes to your aid. [demonic ancestry]
  1831 | D:3      | Reached XP level 5. HP: 32/39 MP: 5/5
  1906 | D:3      | Reached skill level 5 in Axes
  2444 | D:3      | Reached * piety under Wu Jian
  2653 | D:4      | Reached XP level 6. HP: 31/45 MP: 6/6
  2879 | D:4      | Reached skill level 6 in Axes
  2936 | D:4      | Found a sparkling altar of Nemelex Xobeh.
  3398 | D:4      | Reached XP level 7. HP: 25/51 MP: 1/7
  3725 | D:4      | Noticed Sigmund
  3734 | D:4      | Killed Sigmund
  3734 | D:4      | Reached skill level 7 in Axes
  3734 | D:4      | Reached skill level 1 in Armour
  4067 | D:5      | Entered Level 5 of the Dungeon
  4073 | D:5      | Noticed Grinder
  4091 | D:5      | Killed Grinder
  4091 | D:5      | Gained mutation: You have a pair of small horns on your head. [demonic ancestry]
  4091 | D:5      | Reached XP level 8. HP: 33/59 MP: 3/8
  4220 | D:5      | Reached ** piety under Wu Jian
  4358 | D:5      | Reached skill level 8 in Axes
  4497 | D:5      | Found a sand-covered staircase.
  4502 | Ossuary  | Entered an ossuary
  4593 | Ossuary  | Noticed a flying skull
  4600 | Ossuary  | Noticed a flying skull
  4604 | Ossuary  | Noticed a flying skull
  4625 | Ossuary  | Noticed a flying skull
  4626 | Ossuary  | Noticed a flying skull
  4929 | D:5      | Noticed Pikel
  4942 | D:5      | Killed Pikel
  4942 | D:5      | Reached skill level 9 in Axes
  5127 | D:5      | Reached *** piety under Wu Jian
  5127 | D:5      | Gained mutation: You are mostly covered in rugged brown scales. (AC +2, +5% HP) [demonic ancestry]
  5127 | D:5      | Reached XP level 9. HP: 35/69 MP: 7/9
  5626 | D:6      | Reached skill level 5 in Dodging
  5749 | D:6      | Found a staircase to the Ecumenical Temple.
  5825 | D:6      | Found a white marble altar of Elyvilon.
  6019 | D:6      | Found a basalt altar of Yredelemnul.
  6658 | D:7      | Found an ancient bone altar of Kikubaaqudgha.
  6660 | D:7      | Found a bloodstained altar of Trog.
  6661 | D:7      | Found a glowing golden altar of the Shining One.
  6888 | D:7      | Got a twisted scale mail
  6889 | D:7      | Identified the cursed +0 scale mail "Xuzxo" {Str+7 Stlth+} (You found it on level 7 of the Dungeon)
  7205 | D:7      | Found a shattered altar of Ashenzari.
  7727 | D:8      | Noticed Joseph
  7900 | D:8      | Reached skill level 5 in Fighting
  7907 | D:8      | Reached skill level 10 in Axes
  7945 | D:8      | Found Booheghi's Changing Room.
  8992 | D:8      | Reached **** piety under Wu Jian
  9009 | D:8      | Reached skill level 1 in Evocations
  9258 | D:8      | Found a transporter.
  9348 | D:8      | HP: 2/72 [orc priest/divine providence (10)]
  9352 | D:8      | Killed from afar by an orc priest

Vault maps used:
D:1:      minmay_arrival_stone_box
D:2:      bloody_makhleb, lemuel_doored_altar, first_ration,
          trog_three_pillars_becter
D:3:      kennysheep_generic_room_3
D:4:      lemuel_statue_altar, uniq_sigmund
D:5:      lemuel_ratsnest, enter_ossuary_2, uniq_pikel, uniq_grinder
D:6:      lemuel_zombie_altar_yredelemnul, minmay_temple_entry_mist, basic_altar
D:7:      nicolae_ashenzari_panopticon, grunt_temple_overflow_open
D:8:      gammafunk_cloud_chamber, nicolae_transmutations_shop, uniq_joseph
Ossuary:  ossuary_due_cavern

Skill      XL: |  1  2  3  4  5  6  7  8  9 |
---------------+----------------------------+-----
Axes           | 3 4 5 6 7 9 10 | 10.6
Dodging        | 3 4 5 |  5.6
Armour         | 1 2 |  2.9
Fighting       | 3 4 5 |  5.7
Evocations     | 1 |  1.1
Slings         | |  0.8
Throwing       | |  1.7

Action                   |  1- 3 |  4- 6 |  7- 9 || total
-------------------------+-------+-------+-------++-------
Melee: War axe           |   114 |   203 |   397 ||   714
       Headbutt          |       |       |    85 ||    85
       Battleaxe         |       |       |    47 ||    47
 Fire: Hunting sling     |    12 |       |       ||    12
Throw: Throwing net      |     3 |       |       ||     3
Invok: Lunge             |       |    16 |    37 ||    53
       Whirlwind         |       |    12 |    69 ||    81
       Wall Jump         |       |       |    12 ||    12
       Serpent's Lash    |       |       |     4 ||     4
  Use: Potion            |       |     2 |     7 ||     9
       Scroll            |       |       |     8 ||     8
 Stab: Sleeping          |       |     1 |     4 ||     5
       Distracted        |       |       |     1 ||     1
  Eat: Chunk             |     2 |     6 |    16 ||    24
       Ration            |       |       |     1 ||     1
Armor: Leather armour    |    33 |    39 |    54 ||   126
Dodge: Dodged            |   108 |   135 |   293 ||   536

Table legend:
 A = Spawn XP
 B = Non-spawn XP
 C = Spawn XP percentage of total XP
 D = Spawn monster count
 E = Non-spawn monster count
 F = Spawn count percentage of total count
 G = Total turns spent on level
                    A         B        C        D         E        F      G
               +---------+---------+-------+---------+---------+-------+---------
         Total |       0 |    5260 |   0.0 |       0 |     217 |   0.0 |  9352
               +---------+---------+-------+---------+---------+-------+---------
           D:1 |       0 |      45 |   0.0 |       0 |      23 |   0.0 |   915
           D:2 |       0 |     149 |   0.0 |       0 |      23 |   0.0 |   872
           D:3 |       0 |     179 |   0.0 |       0 |      27 |   0.0 |   853
           D:4 |       0 |     874 |   0.0 |       0 |      30 |   0.0 |  1427
           D:5 |       0 |    1614 |   0.0 |       0 |      45 |   0.0 |  1247
           D:6 |       0 |     350 |   0.0 |       0 |      14 |   0.0 |   950
           D:7 |       0 |     495 |   0.0 |       0 |      19 |   0.0 |  1670
           D:8 |       0 |    1540 |   0.0 |       0 |      27 |   0.0 |  1198
       Ossuary |       0 |      14 |   0.0 |       0 |       9 |   0.0 |   220
               +---------+---------+-------+---------+---------+-------+---------
